 Dungeon Crawl Stone Soup version 0.31-a0-187-gba352fbbf7 (webtiles) character file.

Game seed: 3655727109447266877

539 Dittersdorf the Trooper (level 7, -2/44 HPs)
             Began as a Gargoyle Fighter on June 22, 2023.
             Was a Follower of Okawaru.
             Constricted to death by Pikel (7 damage)
             ... on level 4 of the Dungeon.
             The game lasted 00:05:21 (3000 turns).

Dittersdorf the Trooper (Gargoyle Fighter)          Turns: 3000, Time: 00:05:22

Health: -2/44      AC: 14    Str: 21    XL:     7   Next: 26%
Magic:  7/7        EV:  5    Int:  9    God:    Okawaru [*.....]
Gold:   213        SH:  4    Dex:  9    Spells: 6/6 levels left

rFire   . . .        q - +0 morningstar
rCold   . . .        c - +0 buckler
rNeg    + . .        t - +0 chain mail
rPois   ∞            (no helmet)
rElec   +            (no cloak)
rCorr   .            (no gloves)
SInv    .            (no boots)
Will    .....        o - amulet of regeneration Stlth
                     (no ring)
HPRegen 1.07/turn    (no ring)
MPRegen 0.10/turn

%: no passive effects
@: grasped by roots, constricted, studying Fighting
A: sickness immunity, AC +4, negative energy resistance 1, electricity
resistance, torment resistance 1, petrification resistance
a: Renounce Religion, Heroism


You were on level 4 of the Dungeon.
You worshipped Okawaru.
Okawaru was aware of your devotion.
You visited 1 branch of the dungeon, and saw 4 of its levels.

You collected 213 gold pieces.

Inventory:

Hand Weapons
 q - a +0 morningstar (weapon)
Missiles
 m - 5 poisoned darts
 s - a throwing net
Armour
 c - a +0 buckler (worn)
 t - a +0 chain mail (worn)
Jewellery
 o - an amulet of regeneration (around neck)
Wands
 v - a wand of mindburst (21)
Scrolls
 a - 2 scrolls of revelation
 f - 2 scrolls of teleportation
Potions
 d - a potion of might
 g - 2 potions of mutation {unknown}
 h - a potion of heal wounds {unknown}
 i - 2 potions of haste
 k - a potion of invisibility {unknown}
 l - a potion of brilliance
 n - 5 potions of curing
 p - a potion of enlightenment
 u - 3 potions of degeneration {unknown}


   Skills:
 + Level 5.2 Fighting
 + Level 4.2 Maces & Flails
 + Level 5.2 Armour
 + Level 5.1 Shields


You had 6 spell levels left.
You didn't know any spells.
Your spell library contained the following spells:

 Spells                   Type           Power      Damage    Failure   Level
 Blink                    Tloc           0%         N/A       99%         2
 Lesser Beckoning         Tloc           0%         N/A       99%         2
 Momentum Strike          Conj/Tloc      0%         3d8       99%         2
 Olgreb's Toxic Radiance  Pois           0%         N/A       100%        4
 Discord                  Hex            0%         N/A       100%        8
 Ignition                 Fire           0%         3d3       100%        8


Dungeon Overview and Level Annotations

Branches:
Dungeon (4/15)             Temple (0/1) D:4

Altars:
Hepliaklqana
Okawaru
Sif Muna
Wu Jian
Xom

Annotations:
D:4 Pikel


Innate Abilities, Weirdness & Mutations

You are immune to sickness and miasma.
Your stone body is resilient. (AC +4)
You are immune to poison.
You resist negative energy. (rN+)
You are resistant to electric shocks. (rElec)
You are resistant to unholy torment.
You are immune to petrification.


Message History

Pikel hits you but does no damage. The grasping roots constrict you.
The lemure hits you but does no damage.
You are too injured to fight recklessly!
You are too injured to fight recklessly!
You are too injured to fight recklessly!
You are too injured to fight recklessly!
You are too injured to fight recklessly!
You are too injured to fight recklessly!
You are too injured to fight recklessly!
You are too injured to fight recklessly!
You are too injured to fight recklessly!
You are too injured to fight recklessly!
You are too injured to fight recklessly!
You are too injured to fight recklessly!
You closely miss Pikel.
Pikel is heavily wounded.
You block Pikel's attack. The grasping roots constrict you.
The lemure hits you.
* * * LOW HITPOINT WARNING * * *
The grasping roots release their grip on you.
You barely miss Pikel.
Pikel is moderately wounded.
An adder comes into view.
The lemure hits you but does no damage. Pikel barely misses you.
The adder hisses angrily.
You hit Pikel but do no damage.
Pikel is moderately wounded.
The lemure hits you but does no damage.
Pikel zaps a wand.
The roots erupt in riotous growth!
The grasping roots grab you!
Pikel is unaffected.
The lemure is unaffected.
The grasping roots constrict you!
* * * LOW HITPOINT WARNING * * *
Pikel hits you but does no damage. The grasping roots constrict you.
* * * LOW HITPOINT WARNING * * *
The lemure hits you but does no damage.
You closely miss Pikel.
Pikel is moderately wounded.
Pikel hits you but does no damage. The grasping roots constrict you!
You die...

****** * *,..,********
#####*#...,*,,,,,,,
**##...#....#,,,,,,,,,
*,,.5......#,,,,,,,**,
*,*#55K....#,,,,,,,,,,
###+##K##'###,,,>,,,,,,,
#.....#@5...#,,,,,,,,,,,
###.....#.S...#,,,,,,,,,,,
#.'##+##+##+##+,,,,,,,,,,,
#.#..#,,,,,#..#*,,,,,,,,,,
#.#..#+###+#..#*,,,,,.,,,,
#.#..#.....#..#,,,,,..,,,*
#.+..+.._..+..+,,,,...,,,,
#.#..#.....#..#,,,....,,,,
#.#..#+###'#..#,,....,,,,,


You could see Pikel, 3 lemures and an adder.

Vanquished Creatures
  Sigmund (D:4)
  A scorpion (D:4)
  A hound (D:3)
  A sleepcap (D:3)
  An iguana (D:2)
  Ijyb (D:4)
  Natasha (D:2)
  An orc wizard (D:3)
  A gnoll (D:1)
  7 adders
  2 worms
  3 orcs (D:3)
  2 ball pythons
  5 bats
  6 endoplasms
  3 giant cockroaches
  8 goblins
  7 hobgoblins
  6 jackals
  12 kobolds
  3 quokkas
  2 frilled lizards
  7 rats
82 creatures vanquished.

Notes
Turn   | Place    | Note
-------+----------+-------------------------------------------
     0 | D:1      | Dittersdorf the Gargoyle Fighter began the quest for the
                  | Orb.
     0 | D:1      | Reached XP level 1. HP: 14/14 MP: 1/1
    91 | D:1      | Found a faded altar of an unknown god.
   205 | D:1      | Reached XP level 2. HP: 12/19 MP: 2/2
   655 | D:1      | Reached XP level 3. HP: 21/24 MP: 3/3
  1076 | D:2      | Noticed Natasha
  1091 | D:2      | Killed Natasha
  1092 | D:2      | Reached XP level 4. HP: 29/29 MP: 4/4
  1171 | D:2      | Reached XP level 5. HP: 14/33 MP: 3/5
  2002 | D:3      | Found an iron altar of Okawaru.
  2021 | D:3      | Became a worshipper of Warmaster Okawaru
  2078 | D:3      | Found a shimmering blue altar of Sif Muna.
  2209 | D:3      | Found a shimmering altar of Xom.
  2412 | D:3      | Found an ornate altar of the Wu Jian Council.
  2581 | D:4      | Noticed Sigmund
  2634 | D:3      | Reached XP level 6. HP: 39/39 MP: 6/6
  2646 | D:4      | Killed Sigmund
  2646 | D:4      | Reached * piety under Okawaru
  2647 | D:4      | Reached skill level 5 in Armour
  2655 | D:4      | Reached skill level 5 in Fighting
  2681 | D:4      | Found a staircase to the Ecumenical Temple.
  2844 | D:4      | Reached skill level 5 in Shields
  2844 | D:4      | Reached XP level 7. HP: 44/44 MP: 7/7
  2862 | D:4      | Noticed Ijyb
  2876 | D:4      | Killed Ijyb
  2902 | D:4      | Identified a scroll of acquirement
  2902 | D:4      | Acquired a manual of Fighting
  2955 | D:4      | Found a hazy altar of Hepliaklqana.
  2983 | D:4      | Noticed Pikel
  3000 | D:4      | Constricted to death by Pikel

Illustrated notes

Levels and vault maps discovered:
D:1:      minmay_arrival_radiant_lines, layout_basic,
          ebering_ecumenical_altar_rust, nicolae_eternal_life
D:2:      cheibrodos_old_hovel, layout_loops_corners, roderic_roman_lattice,
          uniq_natasha
D:3:      layout_rooms, nicolae_wu_jian_immortal_techniques, marbit_many_paths,
          kennysheep_orc_sif_temple, okawaru_metal_pillars_1_2
D:4:      layout_cave_pools, mainiacjoe_overflow_24_doors,
          nicolae_elyvilon_peaceful_grove, minmay_temple_entry_purple_smoke,
          serial_column_ruins, column_ruins_temple_hut, column_ruins_hut_ruined,
          column_ruins_open_tiny_water, column_ruins_grid_1,
          column_ruins_open_small, column_ruins_corridor_straight,
          column_ruins_open_tiny, column_ruins_open_tiny, minmay_pentomino_pile,
          uniq_sigmund, uniq_pikel, uniq_ijyb

Skill      XL: |  1  2  3  4  5  6 |
---------------+-------------------+-----
Armour         | 4 5 |  5.2
Fighting       | 4 5 |  5.2
Shields        | 4 5 |  5.1
Maces & Flails | 3 4 |  4.2

Action                     |  1- 3 |  4- 6 |  7- 9 || total
---------------------------+-------+-------+-------++-------
  Melee: Flail             |    93 |    68 |       ||   161
         Morningstar       |       |    92 |    34 ||   126
  Throw: Dart              |       |    10 |       ||    10
    Use: Scroll            |       |     5 |     5 ||    10
 Armour: Scale mail        |    72 |   111 |       ||   183
         Chain mail        |       |       |    36 ||    36
  Dodge: Dodged            |    58 |   109 |    12 ||   179
  Block: Buckler           |    28 |    48 |    12 ||    88

Table legend: (Time is in decaauts)
 A = Elapsed time spent in this place.
 B = Non-inter-level travel time spent in this place.
 C = Inter-level travel time spent in this place.
 D = Time resting spent in this place.
 E = Time spent auto-exploring this place.
 F = Levels seen in this place.
 G = Mean time per level.
                   A        B        C        D        E       F      G
               +--------+--------+--------+--------+--------+-----+--------+
         Total |   3110 |   3018 |     92 |    128 |   2109 |   4 |  777.5 |
       Dungeon |   3110 |   3018 |     92 |    128 |   2109 |   4 |  777.5 |
               +--------+--------+--------+--------+--------+-----+--------+

Top non-repeatable levels by time:
     D:2: 1057 daAuts
     D:1: 934 daAuts
     D:3: 676 daAuts
     D:4: 441 daAuts
